 Dungeon Sprint DCSS version 0.30.0-29-ga12c61a403 (webtiles) character file.

Game seed: 5979161757486172365

8100000 Groucho the Plane Walker (level 24, -2/158 HPs)
             Began as a Spriggan Warper on June 3, 2023.
             Was the Champion of Makhleb.
             Engulfed by a cloud of flame (21 damage)
             ... in the Dungeon (Sprint VIII: "Arena of Blood").
             The game lasted 00:06:53 (81 turns).

Groucho the Plane Walker (Spriggan Warper)            Turns: 81, Time: 00:06:54

Health: -2/158     AC:  4    Str:  7    XL:     24   Next: 45%
Magic:  21/55      EV: 41    Int: 21    God:    Makhleb [******]
Gold:   0          SH:  0    Dex: 19    Spells: 77/77 levels left

rFire   . . .        j - +∞ Axe of Woe
rCold   . . .        (shield currently unavailable)
rNeg    . . .        b - +0 robe
rPois   .            (helmet restricted)
rElec   .            (no cloak)
rCorr   .            (gloves unavailable)
SInv    +            (boots unavailable)
Will    ++++.        (no amulet)
Stlth   ++++++++++   (no ring)
HPRegen 0.46/turn    (no ring)
MPRegen 0.34/turn

%: no teleportation
@: very quick
A: very small, no large weapons, unfitting armour, see invisible, speed 3
a: Renounce Religion, Minor Destruction, Lesser Servant of Makhleb, Major
Destruction, Greater Servant of Makhleb


You were in the Dungeon.
You worshipped Makhleb.
Makhleb was exalted by your worship.
You visited 1 branch

Inventory:

Hand Weapons
 a - a +0 hand axe
 j - the +∞ Axe of Woe (weapon)
   (You found it in the Dungeon)
Missiles
 d - 7 boomerangs of dispersal (quivered)
Armour
 b - a +0 robe (worn)
Jewellery
 k - a +30 ring of slaying
Scrolls
 c - 2 scrolls of blinking
Potions
 e - a potion of curing
 f - a potion of heal wounds
 g - a potion of haste
 h - 2 potions of magic
 i - a potion of berserk rage


   Skills:
 O Level 27 Fighting
 + Level 6.8(8.1) Short Blades
 + Level 5.1(6.1) Long Blades
 O Level 27 Axes
 O Level 27 Maces & Flails
 O Level 27 Polearms
 O Level 27 Staves
 + Level 6.1 Ranged Weapons
 O Level 27 Throwing
 O Level 27 Armour
 O Level 27 Dodging
 O Level 27 Stealth
 + Level 4.7 Shields
 O Level 27 Unarmed Combat
 O Level 27 Spellcasting
 + Level 4.6 Conjurations
 + Level 7.4 Hexes
 + Level 5.1 Summonings
 + Level 5.8 Necromancy
 O Level 27 Translocations
 + Level 8.0 Transmutations
 + Level 5.1 Fire Magic
 + Level 5.0 Ice Magic
 + Level 5.6 Air Magic
 + Level 5.6 Earth Magic
 + Level 6.2 Poison Magic
 O Level 27 Invocations
 + Level 8.3 Evocations


You had 77 spell levels left.
You didn't know any spells.
Your spell library contained the following spells:

 Spells                   Type           Power      Damage    Failure   Level
 Blink                    Tloc           100%       N/A       0%          2
 Lesser Beckoning         Tloc           100%       N/A       0%          2
 Teleport Other           Tloc           96%        N/A       0%          3
 Vhi's Electric Charge    Tloc/Air       100%       N/A       0%          3
 Manifold Assault         Tloc           96%        N/A       0%          4


Dungeon Overview and Level Annotations

Branches:
Dungeon (1/1)

Altars:
Makhleb


Innate Abilities, Weirdness & Mutations

You are very small and have problems with some larger weapons.
You are too small for most types of armour.
You have supernaturally acute eyesight. (SInv)
You cover ground extremely quickly. (Speed+++)


Message History

You kill the meat berserker!
Makhleb accepts your kill.
You feel better.
You slash the bag of meat!
You butcher the bag of meat messily.
You kill the bag of meat!
Makhleb accepts your kill.
You are engulfed in blazing flames.
You hear a shout! x2
The dread throws damnation at you.
The sphere of damnation explodes!
The damnation engulfs you!!!
* * * LOW HITPOINT WARNING * * *
The bag of meat is engulfed in blazing flames.
A bag of meat comes into view. It is wielding a +9 war axe.
You hear a shout! x4
A tyrant comes into view.
You hear a shout! x2; The tyrant shouts!
Your base Short Blades skill increases to level 6!
Your base Long Blades skill increases to level 5!
Your Ranged Weapons skill increases to level 6!
Your Shields skill increases to level 4!
Your Conjurations skill increases to level 4!
Your Hexes skill increases to level 7!
Your Summonings skill increases to level 5!
Your Necromancy skill increases to level 5!
Your Transmutations skill gained 2 levels and is now at level 8!
Your Fire Magic skill increases to level 5!
Your Ice Magic skill increases to level 5!
Your Air Magic skill increases to level 5!
Your Earth Magic skill increases to level 5!
Your Poison Magic skill increases to level 6!
Your Evocations skill increases to level 8!
You hit the large bag of meat.
Flame seeps out of the large bag of meat.
You hew the large bag of meat savagely.
Makhleb accepts your kill.
The large bag of meat explodes!
The fiery explosion engulfs you!!
* * * LOW HITPOINT WARNING * * *
You are engulfed in blazing flames.
You die...

.... ....
........L #...
...# . #... ...#
. §.###...
...###..
......)###W......
M.....☼§§........
.....#§§☼..#.....
... #○§@)_# ... .
#§°§).# .
......§§§.......
.....OO###......
..###°o. ...###..
. #.O. ...# .
#o.. ...#
o........ .... ..


You could see a tyrant, 2 large bags of meat, a dread, a meat berserker
(berserk) and 3 bags of meat.

Vanquished Creatures
  2 hell beasts (D)
  2 royal mummies (D)
  5 vampire knights (D)
  14 ogres (D)
  5 two-headed ogres (D)
  2 liches (D)
  30 orcs (D)
  4 skeletal warriors (D)
64 creatures vanquished.

Notes
Turn   | Place    | Note
-------+----------+-------------------------------------------
     0 | D        | Found the +∞ Axe of Woe
     0 | D        | Groucho the Spriggan Warper began the quest for the Orb.
     0 | D        | Reached XP level 1. HP: 10/10 MP: 5/5
     2 | D        | Noticed a bag of meat
     4 | D        | Became a worshipper of Makhleb the Destroyer
     5 | D        | Noticed a bag of meat
     6 | D        | Noticed a bag of meat
     8 | D        | Noticed a bag of meat
     9 | D        | Noticed a bag of meat
    11 | D        | Killed a bag of meat
    11 | D        | Noticed a meat berserker
    12 | D        | Reached skill level 15 in Dodging
    12 | D        | Reached XP level 2. HP: 21/21 MP: 5/16
    12 | D        | Reached XP level 3. HP: 25/25 MP: 5/18
    12 | D        | Reached XP level 4. HP: 30/30 MP: 5/19
    12 | D        | Reached XP level 5. HP: 33/33 MP: 5/21
    12 | D        | Reached XP level 6. HP: 38/38 MP: 5/22
    12 | D        | Reached XP level 7. HP: 42/42 MP: 5/24
    12 | D        | Reached XP level 8. HP: 46/46 MP: 5/25
    12 | D        | Reached XP level 9. HP: 50/50 MP: 5/26
    12 | D        | Reached XP level 10. HP: 55/55 MP: 5/27
    12 | D        | Killed a bag of meat
    12 | D        | Reached * piety under Makhleb
    12 | D        | Killed a bag of meat
    12 | D        | Noticed a meat berserker
    13 | D        | Reached skill level 10 in Axes
    13 | D        | Reached skill level 27 in Translocations
    13 | D        | Reached XP level 11. HP: 62/62 MP: 5/32
    13 | D        | Reached XP level 12. HP: 67/67 MP: 5/33
    14 | D        | Killed a bag of meat
    14 | D        | Noticed a meat berserker
    15 | D        | Reached XP level 13. HP: 70/70 MP: 5/35
    15 | D        | Killed a bag of meat
    15 | D        | Reached ** piety under Makhleb
    15 | D        | Killed a meat berserker
    16 | D        | Reached XP level 14. HP: 75/75 MP: 5/39
    17 | D        | Killed a meat berserker
    17 | D        | Noticed a bag of meat
    18 | D        | Noticed a bag of meat
    18 | D        | Noticed a bag of meat
    18 | D        | Noticed a bag of meat
    18 | D        | Noticed a meat berserker
    19 | D        | Noticed a meat berserker
    20 | D        | Killed a meat berserker
    20 | D        | Reached *** piety under Makhleb
    20 | D        | Noticed a bag of meat
    21 | D        | Reached XP level 15. HP: 79/79 MP: 6/42
    26 | D        | Killed a meat berserker
    26 | D        | Killed a meat berserker
    26 | D        | Reached **** piety under Makhleb
    27 | D        | Reached skill level 27 in Dodging
    27 | D        | Reached skill level 27 in Stealth
    27 | D        | Reached XP level 16. HP: 84/84 MP: 8/47
    27 | D        | Noticed a destroyer
    28 | D        | Reached skill level 27 in Spellcasting
    28 | D        | Noticed a large bag of meat
    30 | D        | Reached skill level 27 in Axes
    30 | D        | Reached skill level 1 in Armour
    30 | D        | Reached skill level 1 in Invocations
    30 | D        | Noticed a meat berserker
    31 | D        | Killed a large bag of meat
    31 | D        | Reached ***** piety under Makhleb
    31 | D        | Killed a destroyer
    31 | D        | Noticed a meat berserker
    32 | D        | Reached skill level 15 in Fighting
    32 | D        | Reached XP level 17. HP: 28/99 MP: 9/49
    34 | D        | Noticed a sculptor of flesh
    35 | D        | Noticed a sculptor of flesh
    35 | D        | Noticed a meat berserker
    35 | D        | Noticed a sculptor of flesh
    35 | D        | Noticed a large bag of meat
    36 | D        | Noticed a destroyer
    38 | D        | Killed a meat berserker
    42 | D        | Killed a meat berserker
    42 | D        | Noticed a sculptor of flesh
    43 | D        | Killed a sculptor of flesh
    44 | D        | Reached skill level 15 in Armour
    44 | D        | Reached XP level 18. HP: 110/110 MP: 12/50
    44 | D        | Killed a destroyer
    45 | D        | Noticed a meat berserker
    46 | D        | Reached ****** piety under Makhleb
    47 | D        | Killed a sculptor of flesh
    47 | D        | Killed a sculptor of flesh
    47 | D        | Noticed a meat berserker
    48 | D        | Noticed a meat berserker
    49 | D        | Noticed a tyrant
    49 | D        | Noticed a large bag of meat
    51 | D        | Reached XP level 19. HP: 124/124 MP: 14/51
    52 | D        | Killed a meat berserker
    54 | D        | Reached skill level 27 in Invocations
    54 | D        | Killed a meat berserker
    54 | D        | Noticed a tyrant
    54 | D        | Noticed a meat berserker
    56 | D        | Noticed an accursed
    56 | D        | Killed a tyrant
    56 | D        | Noticed a destroyer
    57 | D        | Reached skill level 27 in Fighting
    57 | D        | Killed a meat berserker
    58 | D        | Reached skill level 27 in Armour
    58 | D        | Reached skill level 10 in Throwing
    58 | D        | Reached XP level 20. HP: 137/137 MP: 15/52
    58 | D        | Killed a tyrant
    58 | D        | Noticed a meat beast
    59 | D        | Killed an accursed
    60 | D        | Reached skill level 27 in Throwing
    60 | D        | Killed a destroyer
    60 | D        | Noticed an accursed
    61 | D        | Reached skill level 15 in Maces & Flails
    61 | D        | Killed a meat berserker
    61 | D        | Noticed a destroyer
    62 | D        | Reached XP level 21. HP: 142/142 MP: 16/53
    62 | D        | Noticed a large bag of meat
    62 | D        | Noticed a large bag of meat
    63 | D        | Killed a meat beast
    64 | D        | Reached skill level 27 in Maces & Flails
    66 | D        | Killed a destroyer
    67 | D        | Reached XP level 22. HP: 148/148 MP: 18/54
    67 | D        | Noticed a large bag of meat
    69 | D        | Killed a large bag of meat
    69 | D        | Killed a large bag of meat
    69 | D        | Noticed a destroyer
    70 | D        | Reached skill level 27 in Polearms
    70 | D        | Noticed a large bag of meat
    72 | D        | Killed a large bag of meat
    72 | D        | Noticed a meat beast
    73 | D        | Noticed a dread
    74 | D        | Killed an accursed
    75 | D        | Reached XP level 23. HP: 23/153 MP: 20/55
    75 | D        | Killed a meat beast
    76 | D        | Reached skill level 27 in Staves
    76 | D        | Killed a destroyer
    77 | D        | Reached skill level 27 in Unarmed Combat
    77 | D        | Reached skill level 1 in Long Blades
    77 | D        | Reached skill level 1 in Ranged Weapons
    77 | D        | Reached skill level 1 in Shields
    77 | D        | Reached skill level 1 in Conjurations
    77 | D        | Reached skill level 1 in Summonings
    77 | D        | Reached skill level 1 in Necromancy
    77 | D        | Reached skill level 1 in Fire Magic
    77 | D        | Reached skill level 1 in Ice Magic
    77 | D        | Reached skill level 1 in Air Magic
    77 | D        | Reached skill level 1 in Earth Magic
    77 | D        | Reached XP level 24. HP: 96/158 MP: 20/55
    78 | D        | Reached skill level 5 in Hexes
    78 | D        | Reached skill level 5 in Transmutations
    78 | D        | Reached skill level 5 in Evocations
    79 | D        | Reached skill level 5 in Short Blades
    79 | D        | Reached skill level 5 in Ranged Weapons
    79 | D        | Reached skill level 5 in Poison Magic
    80 | D        | Noticed a tyrant
    81 | D        | Reached skill level 5 in Long Blades
    81 | D        | Reached skill level 5 in Summonings
    81 | D        | Reached skill level 5 in Necromancy
    81 | D        | Reached skill level 5 in Fire Magic
    81 | D        | Reached skill level 5 in Ice Magic
    81 | D        | Reached skill level 5 in Air Magic
    81 | D        | Reached skill level 5 in Earth Magic
    81 | D        | Killed a large bag of meat
    81 | D        | Engulfed by a cloud of flame

Illustrated notes

Levels and vault maps discovered:
D:        meatsprint

Skill      XL: |  1  2  3  4  5  6  7  8  9 10 11 12 13 14 15 16 17 18 19 20 21 22 23 24 |
---------------+-------------------------------------------------------------------------+-----
Fighting       | 7 9 15 18 23 27 | 27.0
Axes           | 7 10 12 16 19 23 27 | 27.0
Throwing       | 3 4 10 27 | 27.0
Dodging        | 15 19 20 23 25 27 | 27.0
Spellcasting   | 12 16 17 20 22 26 27 | 27.0
Translocations | 23 27 | 27.0
Stealth        | 8 16 21 27 | 27.0
Armour         | 11 15 20 27 | 27.0
Invocations    | 14 19 25 27 | 27.0
Maces & Flails | 20 27 | 27.0
Polearms       | 20 27 | 27.0
Staves         | 25 27 | 27.0
Unarmed Combat | 27 | 27.0
Short Blades   | 2 6 |  6.8
Long Blades    | 1 5 |  5.1
Ranged Weapons | 1 6 |  6.1
Shields        | 1 4 |  4.7
Conjurations   | 1 4 |  4.6
Hexes          | 2 7 |  7.4
Summonings     | 1 5 |  5.1
Necromancy     | 1 5 |  5.8
Transmutations | 2 8 |  8.0
Fire Magic     | 1 5 |  5.1
Ice Magic      | 1 5 |  5.0
Air Magic      | 1 5 |  5.6
Earth Magic    | 1 5 |  5.6
Poison Magic   | 2 6 |  6.2
Evocations     | 2 8 |  8.3

Action                     |  1- 3 |  4- 6 |  7- 9 | 10-12 | 13-15 | 16-18 | 19-21 | 22-24 || total
---------------------------+-------+-------+-------+-------+-------+-------+-------+-------++-------
  Melee: Broad axe         |     1 |       |       |     2 |     4 |    11 |    12 |    11 ||    41
 Armour: Robe              |       |       |       |       |       |       |       |     1 ||     1
  Dodge: Dodged            |       |       |       |       |     2 |       |       |       ||     2
